 Dungeon Crawl Stone Soup version 0.16-a0-3933-g06ce5c0 (webtiles) character file.

24811 timbw the Severer (level 13, -9/159 HPs)
             Began as a Human Berserker on Feb 5, 2015.
             Was a Priest of Trog.
             Killed from afar by a wizard (14 damage)
             ... with a crystal spear
             ... on level 1 of the Elven Halls.
             The game lasted 00:36:11 (4963 turns).

timbw the Severer (Human Berserker)                 Turns: 4963, Time: 00:36:12

Health: -9/159     AC: 16    Str: 28    XL:     13   Next: 45%
Magic:  13/13      EV:  8    Int:  8    God:    Trog [***...]
Gold:   500        SH:  0    Dex: 12    Spells: 0 memorised, 12 levels left

rFire  . . .     SeeInvis .     a - +1 battleaxe (venom)
rCold  . . .     Clarity  .     q - +0 plate armour
rNeg   . . .     SustAb   .     (no shield)
rPois  .         Gourm    .     r - +0 helmet
rElec  .         Spirit   .     (no cloak)
rCorr  .         Warding  .     G - +0 pair of gloves
rMut   .         Stasis   .     (no boots)
MR     ++...                    (no amulet)
Stlth  ..........               w - ring of stealth
                                g - ring of loudness (curse)

@: berserking, lethally poisoned (-9 -> -9), regenerating, very quick, very
resistant to hostile enchantments, extremely unstealthy
A: forlorn
a: Burn Spellbooks, Berserk, Trog's Hand, Renounce Religion


You were on level 1 of the Elven Halls.
You worshipped Trog.
Trog was most pleased with you.
You were not hungry.

You visited 3 branches of the dungeon, and saw 17 of its levels.

You collected 706 gold pieces.
You spent 206 gold pieces at shops.

Inventory:

Hand weapons
 a - a +1 battleaxe of venom (weapon)
 b - a +1 war axe of freezing
 i - a +0 hand axe
Armour
 e - a +0 helmet
 j - a +0 scale mail
 q - a +0 plate armour (worn)
 r - a +0 helmet (worn)
 E - a +0 animal skin
 F - a +0 chain mail
 G - a +0 pair of gloves (worn)
Jewellery
 g - a cursed ring of loudness (left hand)
 w - a ring of stealth (right hand)
 y - an uncursed amulet of stasis
Magical devices
 d - a wand of lightning (10)
 f - a wand of cold (0)
 h - a wand of magic darts (34)
 D - a wand of magic darts (29)
Scrolls
 l - a scroll of amnesia
 o - a scroll of teleportation
 z - a scroll of fog
Potions
 m - a potion of restore abilities {unknown}
 n - a potion of haste
 p - a potion of magic
 s - a potion of cure mutation {unknown}
 t - 2 potions of might {unknown}
 u - a potion of berserk rage {unknown}
 v - 2 potions of brilliance {unknown}
 A - a potion of lignification {unknown}
 C - a potion of curing
Miscellaneous
 x - an ornate deck of escape
Comestibles
 c - 4 bread rations
 k - a meat ration
 B - 7 chunks of flesh


   Skills:
 + Level 11.3 Fighting
 * Level 16.2 Axes
 + Level 9.0 Armour
 - Level 2.0 Dodging


You had 12 spell levels left.
You didn't know any spells.

Dungeon Overview and Level Annotations

Branches:
Dungeon (12/15)              Lair (0/8) D:10            Orc (4/4) D:11
    Elf (1/3) Orc:3
 Temple: D:4-7

Altars:
Ashenzari
Fedhas
Kikubaaqudgha
Okawaru
Qazlal
Vehumet
Xom

Shops:
Orc:4 =(*[


Innate Abilities, Weirdness & Mutations

You have difficulty communicating with the divine.


Message History

* * * LOW HITPOINT WARNING * * *
Unknown command.
You slash the wizard!
The wizard looks even sicker.
The wizard is moderately wounded.
You feel the effects of Trog's Hand fading.
You feel sick. The wizard barely misses you.
Your plate armour prevents you from hitting the wizard.
The wizard is moderately wounded.
The wizard gestures at you while chanting.
The crystal spear hits you!
* * * LOW HITPOINT WARNING * * *
A deep elf sorcerer comes into view. It is wielding an enchanted long sword.
Unknown command.
Use which ability? (? or * to list)
A red film seems to cover your vision as you go berserk!
You feel yourself moving faster!
You feel mighty!
You feel quite a bit more hungry. The wizard casts a spell at you.
The crystal spear hits you!
You die...

. .. #....
..# #.
#+.... ..##
.. # #.....
...##. (#
##.....
....##e.
#....♣.
.....####
#.....
#e......#
#..... #p##
##....
##@##
##'....
##.##
##.###+#
##.## ##)##
##.#+###.##
##'...'##
#.....#
+.....#
#.....#
+#...+#


You could see a deep elf sorcerer and a wizard.

Vanquished Creatures
  2 orc warlords
  Fannar (Orc:4)
  3 orc high priests (Orc:4)
  Urug (Orc:3)
  An unseen horror (D:11)
  A hill giant (D:10)
  2 deep elf summoners (Elf:1)
  3 orc knights (Orc:4)
  5 orc sorcerers
  2 centaur zombies
  A gargoyle (D:11)
  A fire drake (D:10)
  3 trolls
  A queen bee (shapeshifter) (Elf:1)
  A trapdoor spider zombie (D:11)
  A two-headed ogre (D:11)
  9 yaks
  A wraith (D:10)
  A spriggan (D:8)
  2 deep elf magi (Elf:1)
  6 humans (D:9)
  A chaos spawn (Orc:4)
  4 wargs
  A wolf (D:9)
  3 deep elf fighters (Elf:1)
  A hippogriff (D:11)
  6 ice beasts
  A necrophage (D:8)
  A wasp (D:7)
  2 centaurs
  3 black bears
  23 orc warriors
  7 ogres
  3 sky beasts
  3 big kobolds
  3 giant frogs
  2 scorpions
  10 killer bees
  A jelly (D:8)
  25 orc priests
  An electric eel (D:9)
  A crimson imp (D:11)
  3 centaur skeletons
  34 orc wizards
  2 iguanas (D:8)
  2 quasits (D:8)
  6 hounds
  A hell rat (Elf:1)
  A worker ant (D:7)
  A hound skeleton (D:8)
  A hound zombie (D:8)
  Robin (D:3)
  4 shadow imps
  2 adders
  2 ufetubi (D:9)
  An adder skeleton (D:9)
  2 orc zombies (Orc:3)
  2 giant geckos (D:8)
  132 orcs
  3 giant cockroaches
  14 goblins
  10 hobgoblins
  5 jackals
  2 bats
  A giant spore (D:11)
  A goblin zombie (Orc:3)
  12 kobolds
  4 quokkas
  4 rats
  8 ballistomycetes
411 creatures vanquished.

Vanquished Creatures (others)
  A jelly (D:7)
  2 orcs (D:7)
  A hobgoblin (D:7)
  3 giant spores
7 creatures vanquished.

Grand Total: 418 creatures vanquished

Notes
Turn   | Place    | Note
--------------------------------------------------------------
     0 | D:1      | timbw, the Human Berserker, began the quest for the Orb.
     0 | D:1      | Reached XP level 1. HP: 18/18 MP: 1/1
    78 | D:3      | Reached XP level 2. HP: 24/24 MP: 2/2
    87 | D:3      | Noticed Robin
   131 | D:3      | Reached skill level 4 in Axes
   131 | D:3      | Reached XP level 3. HP: 22/29 MP: 3/3
   136 | D:3      | Killed Robin
   144 | D:3      | Acquired Trog's second power
   188 | D:4      | Found a radiant altar of Vehumet.
   188 | D:4      | Noticed an ogre
   196 | D:4      | Killed an ogre
   196 | D:4      | Reached skill level 5 in Axes
   196 | D:4      | Reached XP level 4. HP: 27/35 MP: 4/4
   196 | D:4      | Reached XP level 5. HP: 31/41 MP: 5/5
   197 | D:4      | Noticed an ogre
   205 | D:4      | Killed an ogre
   205 | D:4      | Reached skill level 6 in Axes
   205 | D:4      | Reached XP level 6. HP: 9/47 MP: 6/6
   251 | D:4      | Noticed an ogre
   261 | D:4      | Killed an ogre
   261 | D:4      | Reached skill level 7 in Axes
   310 | D:4      | Reached XP level 7. HP: 31/52 MP: 7/7
   365 | D:5      | Entered Level 5 of the Dungeon
   478 | D:6      | Found a shattered altar of Ashenzari.
   528 | D:7      | Found an iron altar of Okawaru.
   536 | D:7      | Reached skill level 8 in Axes
   587 | D:7      | Paralysed by a wasp for 3 turns
   590 | D:7      | Reached XP level 8. HP: 41/60 MP: 8/8
   688 | D:7      | Reached skill level 9 in Axes
   907 | D:8      | Reached skill level 5 in Fighting
   930 | D:8      | Reached skill level 10 in Axes
   930 | D:8      | Reached XP level 9. HP: 62/68 MP: 9/9
   952 | D:8      | Found a blossoming altar of Fedhas.
   955 | D:8      | Found a stormy altar of Qazlal.
  1002 | D:8      | Found a shimmering altar of Xom.
  1005 | D:8      | Found an ancient bone altar of Kikubaaqudgha.
  1197 | D:9      | Reached skill level 11 in Axes
  1333 | D:9      | Reached XP level 10. HP: 79/79 MP: 10/10
  1491 | D:10     | Entered Level 10 of the Dungeon
  1505 | D:10     | Reached skill level 12 in Axes
  1959 | D:11     | Noticed a gargoyle
  2049 | D:10     | Noticed a hill giant
  2066 | D:10     | Killed a hill giant
  2066 | D:10     | Reached skill level 13 in Axes
  2066 | D:10     | Reached XP level 11. HP: 14/87 MP: 11/11
  2130 | D:9      | HP: 2/87 [electric eel/bolt of electricity (13)]
  2223 | D:11     | Found a staircase to the Orcish Mines.
  2325 | D:11     | Reached skill level 5 in Armour
  2571 | D:11     | Killed an unseen horror
  2717 | D:9      | HP: 4/89 [orc warrior/antimagic glaive (6)]
  2908 | D:8      | Noticed a spriggan baker
  2916 | D:8      | Killed a spriggan baker
  3042 | D:10     | Found a staircase to the Lair.
  3117 | D:11     | Killed a gargoyle
  3152 | Orc:1    | Entered Level 1 of the Orcish Mines
  3253 | Orc:2    | Reached skill level 14 in Axes
  3281 | Orc:2    | Acquired Trog's third power
  3382 | Orc:3    | Found a staircase to the Elven Halls.
  3382 | Orc:3    | Noticed Urug
  3448 | Orc:3    | Noticed an orc warlord
  3451 | Orc:3    | Noticed an orc sorcerer
  3453 | Orc:3    | Killed Urug
  3509 | Orc:3    | Killed an orc sorcerer
  3509 | Orc:3    | Reached XP level 12. HP: 45/97 MP: 12/12
  3516 | Orc:3    | Killed an orc warlord
  3555 | Orc:3    | Found a radiant altar of Vehumet.
  3611 | Orc:3    | Reached skill level 10 in Fighting
  3696 | Orc:4    | Entered Level 4 of the Orcish Mines
  3819 | Orc:4    | Noticed Fannar
  3839 | Orc:4    | Killed Fannar
  3963 | Orc:4    | Noticed a soul eater
  3971 | Orc:4    | Reached skill level 15 in Axes
  3991 | Orc:4    | Paralysed by an orc sorcerer for 2 turns
  3992 | Orc:4    | HP: 1/98 [sixfirhy[an orc sorcerer] (8)]
  4012 | Orc:3    | Gained mutation: You have difficulty communicating with the divine. [mutagenic glow]
  4070 | Orc:4    | Noticed an orc high priest
  4084 | Orc:4    | Killed an orc high priest
  4164 | Orc:4    | Noticed an orc high priest
  4173 | Orc:4    | Killed an orc high priest
  4298 | Orc:4    | Reached XP level 13. HP: 35/104 MP: 13/13
  4615 | Orc:4    | Found Ghung's Antique Armour Emporium.
  4616 | Orc:4    | Noticed an orc warlord
  4616 | Orc:4    | Found Woer Ube's Antique Weapon Emporium.
  4627 | Orc:4    | Killed an orc warlord
  4664 | Orc:4    | Noticed an orc high priest
  4668 | Orc:4    | Found Boec's General Store.
  4668 | Orc:4    | Found Paluj's Jewellery Shoppe.
  4675 | Orc:4    | Killed an orc high priest
  4711 | Orc:4    | Bought a chain mail for 103 gold pieces
  4713 | Orc:4    | Bought a pair of gloves for 103 gold pieces
  4821 | Elf:1    | Entered Level 1 of the Elven Halls
  4831 | Elf:1    | Reached skill level 16 in Axes
  4962 | Elf:1    | HP: 2/106 [wizard/crystal spear (13)]
  4963 | Elf:1    | Noticed a deep elf sorcerer
  4963 | Elf:1    | Killed from afar by a wizard

Action                   |  1- 3 |  4- 6 |  7- 9 | 10-12 | 13-15 || total
-------------------------+-------+-------+-------+-------+-------++-------
Melee: Hand axe          |    30 |    24 |    32 |       |       ||    86
       War axe           |       |       |   259 |   552 |       ||   811
       Battleaxe         |       |       |       |    93 |   162 ||   255
Invok: Berserk           |     3 |     2 |     7 |    14 |     5 ||    31
       Trog's Hand       |     1 |     2 |    14 |    50 |    15 ||    82
       Burn Spellbooks   |       |       |       |     1 |       ||     1
Evoke: Wand              |       |       |     1 |     3 |       ||     4
  Use: Scroll            |       |       |     1 |    14 |     1 ||    16
       Potion            |       |       |       |     2 |       ||     2
  Eat: Chunk             |       |     3 |     8 |    22 |     6 ||    39
       Meat ration       |       |       |     1 |       |       ||     1
       Bread ration      |       |       |       |     2 |     1 ||     3
       Pizza             |       |       |       |     1 |       ||     1
